 Dungeon Crawl Stone Soup version 0.22-a0-455-ga0624bf (webtiles) character file.

52 galech the Skirmisher (level 3, -2/40 HPs)
             Began as an Ogre Berserker on June 5, 2018.
             Was a Believer of Trog.
             Slain by an adder (3 damage)
             ... on level 2 of the Dungeon.
             The game lasted 00:01:24 (1024 turns).

galech the Skirmisher (Ogre Berserker)              Turns: 1024, Time: 00:01:25

Health: -2/40      AC:  3    Str: 22    XL:     3   Next: 85%
Magic:  3/3        EV: 10    Int:  8    God:    Trog [**....]
Gold:   44         SH:  0    Dex:  8    Spells: 2/2 levels left

rFire    + . .     SeeInvis .   a - +0 mace
rCold    . . .     Gourm    .   (no shield)
rNeg     . . .     Faith    .   b - +0 animal skin
rPois    .         Spirit   .   (helmet restricted)
rElec    .         Reflect  .   (no cloak)
rCorr    .         Harm     .   (gloves unavailable)
MR       ++...                  (boots unavailable)
Stlth    +.........             (no amulet)
HPRegen  1.13/turn              e - ring of protection from fire
MPRegen  0.08/turn              (no ring)

@: lethally poisoned (-2 -> -2), berserk cooldown, regenerating, slowed, very
slow
A: large, unfitting armour, tough skin 1
a: Berserk, Trog's Hand, Renounce Religion


You were on level 2 of the Dungeon.
You worshipped Trog.
Trog was pleased with you.
You were near starving.

You visited 1 branch of the dungeon, and saw 2 of its levels.

You collected 44 gold pieces.

Inventory:

Hand Weapons
 a - a +0 mace (weapon)
Armour
 b - a +0 animal skin (worn)
Jewellery
 e - a ring of protection from fire (left hand)
Scrolls
 d - a scroll of immolation {unknown}
 h - a scroll of remove curse {unknown}
 l - a scroll of teleportation {unknown}
 m - a scroll of magic mapping {unknown}
Potions
 g - 2 potions of curing {unknown}
 i - a potion of heal wounds {unknown}
 j - a potion of degeneration {unknown}
 k - a potion of might {unknown}
Comestibles
 c - 4 rations
 f - 3 chunks of flesh


   Skills:
 + Level 4.7 Fighting
 + Level 3.3 Maces & Flails
 + Level 3.2 Dodging
 + Level 0.2 Stealth


You had 2 spell levels left.
You didn't know any spells.
Your spell library was empty.

Dungeon Overview and Level Annotations

Branches:
Dungeon (2/15)

Altars:
Cheibriados
Wu Jian


Innate Abilities, Weirdness & Mutations

You are too large for most types of armour.
You have tough skin. (AC +1)


Message History

You are more poisoned.
The adder poisons you! The adder barely misses you.
You closely miss the adder.
The adder is moderately wounded.
You feel sick. The adder bites you.
* * * LOW HITPOINT WARNING * * *
You are more poisoned.
The adder poisons you! The adder bites you.
* * * LOW HITPOINT WARNING * * *
You barely miss the adder.
The adder is moderately wounded.
You feel sick.
The adder bites you but does no damage. x2
The adder misses you.
You barely miss the adder.
The adder is moderately wounded.
You feel sick. The adder bites you.
* * * LOW HITPOINT WARNING * * *
You are more poisoned.
The adder poisons you! The adder bites you.
You die...

##.###....# #...
#####........# #.##
##......##....# # ##
#..####.##....# #.#. #.#
#..#..### #.#. ##.#
##...## #... ####..##
###..# #.#.
#......####....# #.#.
#.......S@.....# ##.##
#....####.####....# #..##
..#.. #...).##..#.# #....
... #.......#..#.# #..#.
#.. #.......#..#.. ##...
.. ....._......##.##
#..## . ..#.......#..#
... #.##
...#.......#..####.###.##
.. ##.....## ...........#


You could see an adder.

Vanquished Creatures
  An adder (D:2)
  2 oozes
  A worm (D:2)
  3 giant cockroaches
  4 goblins (D:1)
  6 hobgoblins
  3 kobolds
  6 bats
  3 frilled lizards (D:1)
  A rat (D:1)
30 creatures vanquished.

Notes
Turn   | Place    | Note
-------+----------+-------------------------------------------
     0 | D:1      | galech the Ogre Berserker began the quest for the Orb.
     0 | D:1      | Reached XP level 1. HP: 24/24 MP: 1/1
   333 | D:1      | Reached XP level 2. HP: 18/32 MP: 2/2
   869 | D:2      | Reached XP level 3. HP: 33/40 MP: 3/3
   908 | D:2      | Found a snail-covered altar of Cheibriados.
   914 | D:2      | Reached ** piety under Trog
   994 | D:2      | Found an ornate altar of the Wu Jian Council.
  1024 | D:2      | HP: 1/40 [adder (2)]
  1024 | D:2      | Slain by an adder

Vault maps used:
D:1:      dpeg_arrival_stonehenge_8_columns
D:2:      zin_statuary, old_standard_altar, old_standard_altar,
          minmay_misc_feat_iff

Skill      XL: |  1  2 |
---------------+-------+-----
Dodging        | 3 |  3.2
Maces & Flails | 3 |  3.3
Fighting       | |  4.7
Stealth        | |  0.2

Action                   || total
-------------------------++-------
Melee: Mace              ||    94
Invok: Berserk           ||     1
       Trog's Hand       ||     1
Armor: Animal skin       ||    32
Dodge: Dodged            ||    50

Table legend:
 A = Spawn XP
 B = Non-spawn XP
 C = Spawn XP percentage of total XP
 D = Spawn monster count
 E = Non-spawn monster count
 F = Spawn count percentage of total count
 G = Total turns spent on level
                    A         B        C        D         E        F      G
               +---------+---------+-------+---------+---------+-------+---------
         Total |       0 |      75 |   0.0 |       0 |      30 |   0.0 |  1024
               +---------+---------+-------+---------+---------+-------+---------
           D:1 |       0 |      33 |   0.0 |       0 |      17 |   0.0 |   863
           D:2 |       0 |      42 |   0.0 |       0 |      13 |   0.0 |   161
               +---------+---------+-------+---------+---------+-------+---------
